 Dungeon Crawl Stone Soup version 0.17-a0-1020-ge683cc4 (webtiles) character file.

147 Sierraleon100 the Chopper (level 5, -6/47 HPs)
             Began as a Minotaur Berserker on May 16, 2015.
             Was an Initiate of Yredelemnul.
             Killed by nerve-wracking pain
             ... invoked by an orc priest
              (13 damage)
             ... on level 4 of the Dungeon.
             The game lasted 00:20:25 (2448 turns).

Sierraleon100 the Chopper (Minotaur Berserker)      Turns: 2448, Time: 00:20:25

Health: -6/47      AC:  6    Str: 23    XL:     5   Next: 8%
Magic:  4/4        EV: 11    Int:  4    God:    Yredelemnul [......]
Gold:   94         SH:  0    Dex:  9    Spells: 0 memorised, 4 levels left

rFire  . . .     SeeInvis .     a - +0 hand axe
rCold  . . .     Clarity  .     s - +1 ring mail
rNeg   . . .     SustAb   .     (no shield)
rPois  .         Gourm    +     (helmet restricted)
rElec  .         Spirit   .     (no cloak)
rCorr  .         Warding  .     (no gloves)
rMut   .         Stasis   .     (no boots)
MR     .....                    o - amulet of the gourmand
Stlth  ..........               (no ring)
                                (no ring)

@: not resistant to hostile enchantments, extremely unstealthy
A: retaliatory headbutt, horns 2
a: Renounce Religion


You were on level 4 of the Dungeon.
You worshipped Yredelemnul.
Yredelemnul was noncommittal.
You were not hungry.

You visited 1 branch of the dungeon, and saw 4 of its levels.

You collected 94 gold pieces.

Inventory:

Hand weapons
 a - a +0 hand axe (weapon)
 e - a +0 club
 f - a +0 dagger
 g - a +0 whip
 h - a +0 hunting sling
 k - a +0 club
Missiles
 l - 45 stones (quivered)
Armour
 b - a +0 animal skin
 c - a +0 chain mail
 i - a +0 ring mail
 s - a +1 ring mail (worn)
Jewellery
 o - an amulet of the gourmand (around neck)
Scrolls
 p - a scroll of immolation
 q - 3 scrolls of identify
Potions
 d - a potion of lignification {unknown}
 j - 2 potions of cancellation {unknown}
Comestibles
 m - 3 chunks of flesh


   Skills:
 + Level 4.6 Fighting
 + Level 4.9 Axes
 + Level 3.9 Armour
 + Level 2.9 Dodging
 + Level 0.3 Stealth


You had 4 spell levels left.
You didn't know any spells.

Dungeon Overview and Level Annotations

Branches:
Dungeon (4/15)
 Temple: D:4-7

Altars:
Yredelemnul


Innate Abilities, Weirdness & Mutations

You reflexively headbutt those who attack you in melee.
You have a pair of horns on your head.


Message History

The orc priest glows brightly for a moment.
You bump into the rock wall.
The orc hits you.
* * * LOW HITPOINT WARNING * * *
You hear some strange, mumbled words.
Something tries to affect you, but you resist.
You hit the orc.
The orc is severely wounded.
You completely miss something.
You feel less confused. The orc barely misses you. You furiously retaliate!
You headbutt the orc.
The orc priest calls upon Beogh to heal the orc.
The orc is healed somewhat.
Something hits you but does no damage. The orc misses you.
You furiously retaliate!
You headbutt the orc.
You kill the orc!
Yredelemnul accepts your kill. Something hits you but does no damage.
The orc priest invokes the aid of Beogh against you.
Pain shoots through your body!
You die...
Your body rises from the dead as a mindless zombie.

# .# #.# #######..#
###........#
###.........##
..#####@..........###
......o{#####.......##
......### #.........
.....# #....#####
..... #...## ....
#...# ... #...### ...
#.....#####
#.........#


You could see an orc priest.

Vanquished Creatures
  An orc wizard (D:4)
  A hound (D:4)
  A worker ant (D:4)
  A worm (D:2)
  A giant gecko (D:2)
  3 orcs
  4 giant cockroaches
  8 goblins
  6 hobgoblins
  6 jackals (D:3)
  14 bats
  3 giant newts
  A jackal skeleton (D:4)
  6 kobolds
  A rat (D:3)
  4 plants (D:2)
61 creatures vanquished.

Notes
Turn   | Place    | Note
--------------------------------------------------------------
     0 | D:1      | Sierraleon100 the Minotaur Berserker began the quest for the Orb.
     0 | D:1      | Reached XP level 1. HP: 19/19 MP: 0/0
   207 | D:1      | Reached XP level 2. HP: 27/27 MP: 1/1
   317 | D:1      | Reached skill level 4 in Axes
  1002 | D:1      | Acquired Trog's second power
  1795 | D:2      | Reached XP level 3. HP: 31/33 MP: 2/2
  1855 | D:2      | Found a basalt altar of Yredelemnul.
  2050 | D:2      | Fell from the grace of Trog
  2050 | D:2      | Became a worshipper of Yredelemnul the Dark
  2426 | D:4      | Reached XP level 4. HP: 32/41 MP: 3/3
  2434 | D:4      | Reached XP level 5. HP: 11/47 MP: 4/4
  2448 | D:4      | Killed from afar by an orc priest

Vault maps used:
D:1:      matt_arrival_spirals
D:2:      yredelemnul_altar_generic, first_bread

Action                   |  1- 3 |  4- 6 || total
-------------------------+-------+-------++-------
Melee: Hand axe          |   193 |    13 ||   206
       Dagger            |     1 |       ||     1
Throw: Stone             |     3 |       ||     3
  Use: Scroll            |     5 |       ||     5
       Potion            |     1 |       ||     1
  Eat: Beef jerky        |     1 |       ||     1
       Bread ration      |     1 |       ||     1
       Chunk             |       |     1 ||     1
